Map: Terrasses de Prion

Players

zidar

  • Race: Zerg Zerg
  • League: Silver
  • Spawn Location: 5:00

youri - Winner!

  • Race: Terran Terran
  • League: Gold
  • Spawn Location: 11:00

VOD

Have the link to the VOD?

Description

Time

  • Played on: Jan. 18, 2016, 1:57 p.m.
  • Length: 16:07
Show
View Real Time Build Order
Export as new Build Order

zidar Zerg 

Build Orders: Hatch First 

Get SALT Encoding   

  12  0:02  Drone  
  13  0:12  Overlord  
  13  0:17  Drone  
  14  0:30  Drone x2  
  14  0:34  Drone  
  17  0:55  Hatchery  
  16  0:57  Drone  
  17  1:04  Extractor, Drone  
  17  1:24  Spawning Pool, Drone  
  17  1:40  Drone  
  17  1:42  Overlord  
  17  1:54  Drone  
  17  1:57  Overlord  
  18  2:10  Metabolic Boost  
  18  2:11  Queen  
  20  2:19  Queen  
  22  2:24  Zergling x2  
  22  2:27  Zergling x2  
  24  2:30  Zergling x2  
  25  2:45  Roach Warren  
  24  3:25  Extractor  
  23  3:36  Drone  
  23  3:37  Drone x8  
  32  3:41  Lair  
  32  3:51  Queen  
  34  4:03  Drone x5  
  39  4:21  Roach  
  39  4:22  Roach  
  43  4:26  Overlord  
  43  4:27  Overlord x2  
  43  4:47  Evolution Chamber  
  43  4:49  Evolution Chamber  
  41  4:52  Spore Crawler  
  41  4:53  Spore Crawler  
  39  5:01  Spore Crawler, Pneumatized Carapace  
  39  5:02  Spore Crawler  
  37  5:13  Roach  
  37  5:14  Roach  
  40  5:30  Roach  
  42  5:39  Roach x4  
  42  5:40  Roach x5  
  60  6:01  Glial Reconstitution  
  60  6:04  Zerg Ground Armor Level 1  
  60  6:05  Zerg Melee Weapons Level 1  
  59  7:08  Drone  
  60  7:09  Overlord  
  60  7:10  Overlord x6  
  30  8:00  Roach  
  30  8:01  Roach x15  
  62  8:18  Zerg Ground Armor Level 2  
  62  8:24  Zerg Melee Weapons Level 2  
  62  8:33  Extractor  
  61  8:38  Extractor, Drone  
  61  8:39  Drone x3  
  57  9:28  Roach  
  57  9:29  Roach x10  
  75  9:54  Ravager  
  75  9:58  Ravager  
  77  10:08  Drone x7  
  84  10:22  Ravager x2  
  86  10:30  Ravager  
  87  10:36  Ravager  
  88  10:48  Hatchery  
  87  11:12  Drone x3  
  87  11:13  Drone x3  
  43  11:54  Queen  
  35  12:05  Queen  
  37  12:12  Infestation Pit  
  36  12:21  Drone x5  
  36  12:22  Drone x3  
  44  12:44  Roach x6  
  40  12:45  Roach  
  47  13:05  Roach  
  47  13:06  Roach x3  
  47  13:10  Ravager x2  
  47  13:11  Ravager  
  52  13:23  Roach  
  52  13:24  Roach  
  46  14:01  Roach  
  46  14:02  Roach x5  
  57  14:27  Ravager x3  
  57  14:28  Ravager x2  
  62  14:33  Roach  
  62  14:34  Roach  
  39  15:23  Roach x6  
Show
View Real Time Build Order
Export as new Build Order

youri Terran - Winner!

Build Orders: Reaper Expand 

Get SALT Encoding   

  12  0:01  SCV  
  13  0:13  SCV  
  14  0:20  Supply Depot  
  14  0:25  SCV  
  15  0:42  SCV  
  16  0:43  Barracks  
  16  0:46  Refinery  
  16  0:54  SCV  
  17  1:07  SCV  
  18  1:21  SCV  
  19  1:31  Reaper  
  20  1:43  Command Center, SCV  
  21  1:50  Refinery  
  21  1:56  Orbital Command  
  21  2:16  Factory  
  21  2:20  Supply Depot  
  21  2:22  Barracks Reactor  
  21  2:25  SCV  
  22  3:24  Bunker  
  22  3:26  SCV  
  23  3:27  Orbital Command  
  23  3:29  Hellion x2  
  27  3:52  Hellion  
  27  3:53  Hellion  
  31  3:59  SCV x2  
  33  4:03  Marine  
  34  4:11  SCV x2  
  34  4:15  Hellion x2, Supply Depot  
  34  4:16  Barracks  
  40  4:21  Marine  
  41  4:34  SCV x2  
  43  4:39  Marine  
  44  4:46  SCV  
  44  4:47  SCV  
  46  4:58  SCV  
  47  5:00  Starport  
  47  5:03  Factory Tech Lab  
  47  5:04  Marine x2  
  49  5:29  SCV  
  49  5:30  SCV  
  51  5:48  Medivac x2  
  54  5:53  Armory  
  54  5:58  Barracks  
  54  5:59  Barracks  
  54  6:01  Barracks  
  54  6:03  Command Center  
  54  6:07  Command Center  
  52  6:45  Siege Tank, Medivac  
  47  6:59  SCV  
  47  7:00  SCV  
  49  7:12  SCV  
  50  7:23  Orbital Command  
  50  7:24  Siege Tank  
  51  7:33  Liberator, Orbital Command  
  43  7:54  SCV  
  42  8:06  SCV  
  42  8:07  Marine x5  
  48  8:19  SCV x2  
  50  8:24  Marine, Siege Tank  
  50  8:25  Marine  
  50  8:26  Marine x3  
  58  8:31  SCV x2  
  60  8:43  SCV  
  61  9:23  SCV x2  
  61  9:24  Marine  
  56  9:27  Barracks Tech Lab, Barracks Reactor x2  
  56  9:28  Barracks Tech Lab  
  54  9:35  SCV x2  
  56  9:42  Marine  
  57  9:54  Siege Tank  
  57  9:57  Marauder  
  57  9:58  Marauder, Orbital Command  
  57  9:59  Marine, Combat Shield, Stimpack  
  65  10:13  Medivac  
  67  10:17  Marine  
  67  10:18  Marine x2  
  67  10:19  Marine x3  
  67  10:20  Marine  
  74  10:22  SCV x2  
  76  10:34  SCV x2  
  78  10:36  Refinery  
  78  10:39  Refinery, SCV  
  79  10:46  SCV x2  
  81  10:50  Engineering Bay  
  81  10:51  Liberator x2, SCV  
  81  10:52  Engineering Bay  
  81  10:53  Supply Depot  
  81  10:55  Supply Depot  
  81  10:56  Terran Vehicle Weapons Level 1  
  82  10:57  Supply Depot  
  82  10:58  SCV x2  
  82  11:00  Supply Depot  
  84  11:10  SCV x2  
  92  11:13  Orbital Command  
  92  11:14  Marine x5  
  97  11:22  SCV  
  73  11:50  Orbital Command  
  72  12:02  Marine x5  
  72  12:03  Marauder x2  
  72  12:08  SCV x2  
  83  12:11  Siege Tank  
  83  12:13  Medivac x2  
  90  12:19  Marine x2  
  90  12:20  SCV x2  
  94  12:24  Marauder x2  
  98  12:46  Marine x4  
  98  12:47  Marine, Marauder x2  
  106  13:04  Marine x5  
  111  13:08  Marauder  
  111  13:09  Marauder  
  115  13:22  Marine x4  
  115  13:23  Marine  
  120  13:30  Marauder x2  
  124  13:49  Marine x2  
  124  13:53  Marine x2  
  124  14:46  Marine x3  
  124  14:55  Marine x2  
  123  15:03  Marauder x2  
  123  15:04  Marine x3  
  124  15:13  Marine x2  
  112  15:22  Marine x3  
  112  15:24  Marauder x2  
  112  15:27  Orbital Command  
  119  15:31  Marine x2  
  120  15:37  Supply Depot x2  
  120  15:38  Supply Depot  
  117  15:46  Marauder x2  
  113  16:01  Supply Depot  
Tags
 
Add a new tag
Caveats
  • Supply blocks, unpowered buildings, or Contaminate may cause inaccurate times.
  • Supply counts are checked every 10 seconds.